 Seeded DCSS version 0.30.0-15-g856e2d3f33 (webtiles) character file.

Game seed: 7715139206405850920 (custom seed)

1024 Pimp the Conjurer (level 8, -5/48 HPs)
             Began as a Gargoyle Reaver on May 18, 2023.
             Killed from afar by Maggie (19 damage)
             ... with a bolt of fire
             ... on level 6 of the Dungeon.
             The game lasted 00:11:06 (5352 turns).

Pimp the Conjurer (Gargoyle Reaver)                 Turns: 5352, Time: 00:11:07

Health: -5/48      AC: 16    Str: 27    XL:     8   Next: 22%
Magic:  13/13      EV: 11    Int: 15    God:
Gold:   130        SH:  0    Dex:  8    Spells: 13/14 levels left

rFire   . . .        q - +8 dire flail "Ciynluv" {holy, rN++ Str+4}
rCold   + . .        (shield currently unavailable)
rNeg    + + +        r - +1 ring mail {rC+}
rPois   ∞            (no helmet)
rElec   +            h - +0 cloak
rCorr   .            (no gloves)
SInv    +            u - +1 pair of boots
Will    .....        (no amulet) Stlth
                     f - +6 ring of strength
HPRegen 0.28/turn    l - ring of see invisible
MPRegen 0.13/turn

%: no passive effects
@: no status effects
A: sickness immunity, AC +5, negative energy resistance 1, electricity
resistance, torment resistance 1, petrification resistance
a: no special abilities


You were on level 6 of the Dungeon.
You visited 1 branch of the dungeon, and saw 6 of its levels.

You collected 262 gold pieces.
You spent 132 gold pieces at shops.

Inventory:

Hand Weapons
 a - a +0 mace
 j - a +3 vampiric whip
 m - the +8 short sword "Tudiffar" {vamp, Will+++ rCorr Str+3 Dex-3}
   (You found it on level 2 of the Dungeon)

   Str:       It affects your strength (+3).
   Dex:       It affects your dexterity (-3).
   rCorr:     It protects you from acid and corrosion.
   Will:      It greatly increases your willpower.
 q - the +8 dire flail "Ciynluv" (weapon) {holy, rN++ Str+4}
   (You found it on level 5 of the Dungeon)

   Str:       It affects your strength (+4).
   rN:        It greatly protects you from negative energy.
Missiles
 x - a throwing net
Armour
 b - a +0 leather armour
 h - a +0 cloak (worn)
 n - a +0 chain mail
 r - a +1 ring mail of cold resistance (worn)
 u - a +1 pair of boots (worn)
Jewellery
 f - a +6 ring of strength (left hand)
 l - a ring of see invisible (right hand)
Scrolls
 i - a scroll of enchant weapon
 k - 6 scrolls of teleportation
 z - a scroll of identify
Potions
 c - 2 potions of flight
 d - 3 potions of degeneration
 e - a potion of heal wounds
 g - a potion of brilliance {unknown}
 o - a potion of invisibility {unknown}
 p - a potion of resistance
 s - a potion of attraction {unknown}
 t - a potion of lignification {unknown}
 v - 2 potions of curing
 w - a potion of mutation


   Skills:
 + Level 4.4 Fighting
 + Level 4.6 Maces & Flails
 * Level 4.8 Armour
 + Level 3.3 Dodging
 + Level 3.7 Spellcasting
 + Level 5.1 Conjurations


You had 13 spell levels left.
You knew the following spells:

 Your Spells              Type           Power      Damage    Failure   Level
a - Kiss of Death         Conj/Necr      40%        2d8       10%         1

Your spell library contained the following spells:

 Spells                   Type           Power      Damage    Failure   Level
 Foxfire                  Conj/Fire      40%        2x1d6     10%         1
 Momentum Strike          Conj/Tloc      20%        3d8       14%         2
 Sandblast                Erth           4%         2d4       26%         1
 Summon Small Mammal      Summ           8%         N/A       26%         1
 Hailstorm                Conj/Ice       10%        3d5       28%         3
 Stone Arrow              Conj/Erth      20%        3d8       28%         3
 Ensorcelled Hibernation  Hex/Ice        4%         N/A       38%         2
 Passwall                 Tmut/Erth      1%         N/A       38%         2
 Call Canine Familiar     Summ           2%         N/A       63%         3
 Confusing Touch          Hex            2%         N/A       63%         3
 Portal Projectile        Hex/Tloc       4%         N/A       63%         3
 Spider Form              Tmut/Pois      2%         N/A       63%         3
 Summon Guardian Golem    Hex/Summ       2%         N/A       63%         3
 Tukima's Dance           Hex            2%         N/A       63%         3
 Anguish                  Hex/Necr       1%         N/A       95%         4
 Dispel Undead            Necr           2%         3d7       95%         4
 Fireball                 Conj/Fire      5%         3d5       95%         5
 Blade Hands              Tmut           1%         N/A       100%        5
 Plasma Beam              Fire/Air       1%         2x1d12    100%        6
 Starburst                Conj/Fire      5%         6d4       100%        6


Dungeon Overview and Level Annotations

Branches:
Dungeon (6/15)             Temple (0/1) D:6

Altars:
Fedhas
Yredelemnul

Shops:
D:5 !

Annotations:
D:6 Maggie


Innate Abilities, Weirdness & Mutations

You are immune to sickness and miasma.
Your stone body is resilient. (AC +5)
You are immune to poison.
You resist negative energy. (rN+)
You are resistant to electric shocks. (rElec)
You are resistant to unholy torment.
You are immune to petrification.


Message History

Found a stone staircase leading down.
You hear the slow rusting of a very distant drain.
Maggie the Vainglorious comes into view.
She is wielding a +0 scimitar.
Found a mace.
Maggie shouts!
Maggie is nearby!
Maggie is nearby!
Maggie is nearby!
As you read the scroll labelled GOLAYR BOKAE, it crumbles to dust.
You feel aware of your surroundings.
You sensed 1 shop/portal.
It was a scroll of magic mapping.
Unknown command.
A white imp comes into view.
The white imp shouts, "Scamper away, thou foisting nut-hook fustilarian!"
You puncture Maggie!
Maggie is moderately wounded.
Maggie closely misses you. Maggie hits you with a +0 scimitar!
The white imp gestures at you.
The puff of frost hits you but does no damage.
You barely miss Maggie.
Maggie is moderately wounded.
Maggie mumbles the words to a spell, but in the wrong order.
Maggie hits you with a +0 scimitar.
You hit Maggie but do no damage.
Maggie is moderately wounded.
Maggie hits you with a +0 scimitar! The white imp gestures at you.
The puff of frost hits you but does no damage.
You impale Maggie!!
Maggie is heavily wounded.
Maggie hits you but does no damage.
You hit Maggie.
Maggie is severely wounded.
Maggie hits you with a +0 scimitar!
* * * LOW HITPOINT WARNING * * *
You puncture Maggie!
Maggie is severely wounded.
Maggie casts a spell at you. The bolt of fire hits you!!
You die...

*,* #...#......# * *,*
###.##########*********
*,*
#>..........,,,,,,,,,,,
*,*
###...#####**,,,,,,,,,,
*,* #...# *,,,,,,,*,, *,*
#...# *,,,,,,,*,, *,*
#...# *,,,,,,,*,, *,*
#...#######.,,,,,,*** *,*
#...@.......,,,,,,* *,*
******###5.@.....#*******
*,* *,,,,,,..........#*
*,* *,,,,..#.......)..*
*,* *,,...,#..........*
*<* *,,..,,#..........**
*,*
***#*,*#..........,****
*,* *,*#..........,+,,*
*,* *,**,,,**,,,,,,**,*


You could see Maggie and a white imp.

Vanquished Creatures
  A water moccasin (D:5)
  An orc warrior (D:4)
  A bullfrog (D:5)
  A gnoll sergeant (D:5)
  2 scorpions
  2 hounds
  2 gnoll boudas
  2 jellies (D:4)
  A sleepcap (D:4)
  2 iguanas (D:4)
  10 gnolls
  9 adders
  A shadow imp (D:4)
  2 white imps (D:5)
  2 ufetubi (D:4)
  4 worms
  A dart slug (D:2)
  12 orcs
  7 ball pythons
  7 endoplasms
  2 giant cockroaches (D:2)
  6 goblins
  8 hobgoblins
  7 jackals (D:1)
  3 quokkas
  7 bats
  3 frilled lizards
  3 kobolds
  6 rats
115 creatures vanquished.

Notes
Turn   | Place    | Note
-------+----------+-------------------------------------------
     0 | D:1      | Pimp the Gargoyle Reaver began the quest for the Orb.
     0 | D:1      | Reached XP level 1. HP: 12/12 MP: 3/3
   145 | D:1      | Reached XP level 2. HP: 18/18 MP: 5/5
  1173 | D:1      | Reached XP level 3. HP: 20/22 MP: 6/6
  1315 | D:2      | Found a blossoming altar of Fedhas.
  1442 | D:2      | Identified the +8 short sword "Tudiffar" {vamp, Will+++
                  | rCorr Str+3 Dex-3}
  1557 | D:2      | Reached XP level 4. HP: 27/27 MP: 7/7
  2155 | D:3      | Reached skill level 1 in Armour
  2214 | D:3      | Reached XP level 5. HP: 32/32 MP: 8/8
  3032 | D:4      | Reached skill level 4 in Conjurations
  3200 | D:4      | Reached XP level 6. HP: 36/37 MP: 10/10
  3521 | D:4      | Noticed an orc warrior
  3547 | D:4      | Killed an orc warrior
  3655 | D:4      | Reached XP level 7. HP: 42/42 MP: 11/11
  4033 | D:5      | Entered Level 5 of the Dungeon
  4110 | D:5      | Identified the +8 dire flail "Ciynluv" {holy, rN++ Str+4}
  4891 | D:5      | Found Ydeutzom's Distillery.
  4900 | D:5      | Bought a potion of curing for 36 gold pieces
  4900 | D:5      | Bought a potion of mutation for 96 gold pieces
  4941 | D:5      | Reached XP level 8. HP: 26/48 MP: 13/13
  4943 | D:5      | Reached skill level 5 in Conjurations
  5057 | D:5      | Found a basalt altar of Yredelemnul.
  5342 | D:6      | Noticed Maggie
  5352 | D:6      | Killed from afar by Maggie

Illustrated notes

Levels and vault maps discovered:
D:1:      heliophobic_arrival_enchanted_forest, layout_basic
D:2:      layout_basic, basic_altar
D:3:      layout_basic
D:4:      layout_cave_pods, kennysheep_generic_room_10
D:5:      layout_rooms, old_standard_altar, serial_shops, nicolae_shop_trees
D:6:      layout_basic, minmay_temple_entry_tees, gup_sewer_entry_spiral,
          uniq_eustachio, uniq_menkaure, uniq_maggie

Skill      XL: |  1  2  3  4  5  6  7  8 |
---------------+-------------------------+-----
Dodging        | 2 3 |  3.3
Fighting       | 3 4 |  4.4
Armour         | 1 2 3 4 |  4.8
Conjurations   | 4 5 |  5.1
Spellcasting   | 3 |  3.7
Maces & Flails | 4 |  4.6

Action                     |  1- 3 |  4- 6 |  7- 9 || total
---------------------------+-------+-------+-------++-------
  Melee: Mace              |    67 |       |       ||    67
         Whip              |    24 |       |       ||    24
         Short sword       |    20 |   197 |    13 ||   230
         Punch             |       |     2 |     1 ||     3
         Dire flail        |       |       |    67 ||    67
    Use: Scroll            |     2 |     3 |     7 ||    12
         Potion            |       |     2 |       ||     2
 Armour: Leather armour    |    46 |       |       ||    46
         Chain mail        |    15 |    98 |    46 ||   159
         Ring mail         |       |       |    28 ||    28
  Dodge: Dodged            |    69 |    84 |    63 ||   216
